 Dungeon Crawl Stone Soup version 0.31.0-1-g2c135a008e (webtiles) character file.

Game seed: 10988683367450603035

98 qw the Shooter (level 5, -2/40 HPs)
             Began as a Djinni Hunter on Jan 23, 2024.
             Slain by an adder (3 damage)
             ... on level 2 of the Dungeon.
             The game lasted 00:00:04 (1350 turns).

qw the Shooter (Djinni Hunter)                      Turns: 1350, Time: 00:00:04

Health: -2/40      AC:  5    Str: 10    XL:     5   Next: 1%
Gold:   69         EV: 12    Int: 10    God:
                   SH:  0    Dex: 19

rFire   + + .        a - +0 shortbow
rCold   . . .        (shield currently unavailable)
rNeg    . . .        k - +1 leather armour {rC+}
rPois   inf          (no helmet)
rElec   .            (no cloak)
rCorr   .            j - +0 pair of gloves
SInv    .            (boots unavailable)
Will    .....        (no amulet)
Stlth   ++           (no ring)
HPRegen 0.26/turn    (no ring)
MPRegen 0.00/turn

%: infuse magic (-3 HP)
@: flying
A: sickness immunity, fire resistance 2, cold vulnerability 1, float, innate
caster, HP casting, extra vitality 1
a: no special abilities


You were on level 2 of the Dungeon.
You visited 1 branch of the dungeon, and saw 2 of its levels.

You collected 69 gold pieces.


Innate Abilities, Weirdness & Mutations

You are immune to sickness and miasma.
You are immune to poison.
Your flesh is very heat resistant. (rF++)
You are vulnerable to cold. (rC-)
You float through the air rather than walking.
You learn spells naturally, not from books.
Your magical power is your life essence.
You have superior vitality. (+4 MHP)


   Skills:
 - Level 3.4 Fighting
 - Level 4.0 Ranged Weapons
 + Level 2.9 Dodging
 - Level 0.7 Stealth


You knew the following spells:

 Your Spells              Type           Power      Damage    Failure   Level
a - Magic Dart            Conj           0%         1d3       45%         1
b - Ensorcelled Hibernat  Hex/Ice        0%         N/A       61%         2
Your spell library was empty.

Inventory:

Hand Weapons
 a - a +0 shortbow (weapon)
Armour
 b - a scarf of shadows
 j - a +0 pair of gloves (worn)
 k - a +1 leather armour of cold resistance (worn)
Potions
 g - 2 potions of enlightenment

Dungeon Overview and Level Annotations

Branches:
Dungeon (2/15)

Altars:


Message History

The cerulean imp hits you but does no damage.
Natasha claws you!
You shoot an arrow. The arrow hits Natasha.
Natasha is severely wounded.
Natasha casts a spell at you. The magic dart hits you!
The cerulean imp hits you but does no damage.
You shoot an arrow. The arrow barely misses Natasha.
The cerulean imp misses you. Natasha claws you.
You shoot an arrow. The arrow closely misses Natasha.
The cerulean imp hits you from afar with a +0 spear.
Natasha closely misses you.
The cerulean imp hits you from afar with a +0 spear.
Natasha barely misses you.
You shoot an arrow. The arrow hits Natasha!
You kill Natasha!
Moaning pathetically, Natasha's spirit plunges into the ground.
The cerulean imp disappears in a puff of smoke!
An adder comes into view.
You have reached level 5!
The power to cast Ensorcelled Hibernation wells up from within.
Spell assigned to 'b'.
1342 ||| FLEEEEING.
1343 ||| FLEEEEING.
1344 ||| FLEEEEING.
1345 ||| FLEEEEING.
There is a stone staircase leading up here.
You shoot an arrow. The arrow hits the adder.
The adder is moderately wounded.
The adder barely misses you.
You shoot an arrow. The arrow misses the adder.
The adder bites you. The adder misses you.
You shoot an arrow. The arrow hits the adder!
The adder is almost dead.
The adder bites you but does no damage.
You shoot an arrow. The arrow completely misses the adder.
The adder bites you. The adder bites you but does no damage.
You shoot an arrow. The arrow closely misses the adder.
The adder bites you but does no damage. The adder bites you.
You die...

####### ....#.## ......##
######## ##.....##
#.....[.
##.......#####.#.....
#...@.)..............
#...S....###.#.#.....
#.#.....###..........
#..##.#....###.....######
#.......#.## ##...##
#####.##### ##.## #. #.#
#. #.# .. ##+#


You could see an adder.

Vanquished Creatures
  Natasha (twice) (D:2)
  2 adders (D:2)
  A dart slug (D:1)
  2 ball pythons (D:1)
  3 endoplasms
  A giant cockroach (D:2)
  A goblin (D:1)
  6 hobgoblins
  5 kobolds
  A quokka (D:1)
  A frilled lizard (D:2)
  4 rats
29 creatures vanquished.

Notes
Turn   | Place    | Note
-------+----------+-------------------------------------------
     0 | D:1      | qw the Djinni Hunter began the quest for the Orb.
     0 | D:1      | Reached XP level 1. HP: 18/18 MP: 0/0
     0 | D:1      | 0 ||| qw: Version: 0.3-a-132-g3d54051
     0 | D:1      | 0 ||| qw: Game counter: 654
     0 | D:1      | 0 ||| qw: Melee chars always use a shield: true
     0 | D:1      | 0 ||| qw: God list: Okawaru
     0 | D:1      | 0 ||| qw: Allow faded altars: false
     0 | D:1      | 0 ||| qw: Do Orc after clearing Dungeon:15 true
     0 | D:1      | 0 ||| qw: Do second Lair branch before Depths: true
     0 | D:1      | 0 ||| qw: Lair rune preference: random
     0 | D:1      | 0 ||| qw: Goals: Normal
     0 | D:1      | 0 ||| PLANNING D:1-11
   100 | D:1      | Reached XP level 2. HP: 23/23 MP: 0/0
   656 | D:1      | 656 ||| UPGRADING to +0 pair of gloves.
   661 | D:1      | 661 ||| UPGRADING to +1 leather armour of cold resistance.
   671 | D:1      | 671 ||| DROPPING +0 leather armour.
   672 | D:1      | 672 ||| READING 2 scrolls labelled OMAQYRCH DOMOCO.
   672 | D:1      | 672 ||| IDENTIFYING 2 smoky green potions
   673 | D:1      | 673 ||| READING scroll of identify.
   673 | D:1      | 673 ||| IDENTIFYING scroll labelled KAMILI GAOXETZ
   674 | D:1      | 674 ||| READING scroll labelled DAECZO EGUICE.
   775 | D:1      | 775 ||| READING scroll labelled LUEKEINA IROI.
   776 | D:1      | 776 ||| READING scroll labelled ICILOC FIAFUSS.
   777 | D:1      | 777 ||| READING scroll labelled SIRPHU BEXIXKAM.
   778 | D:1      | 778 ||| DROPPING scroll of butterflies.
   779 | D:1      | 779 ||| DROPPING scroll of poison.
   852 | D:2      | Reached skill level 4 in Ranged Weapons
   852 | D:2      | Reached XP level 3. HP: 28/28 MP: 0/0
   852 | D:2      | Learned a level 1 spell: Magic Dart
   931 | D:2      | 931 ||| FLEEEEING.
  1099 | D:2      | Noticed Natasha
  1107 | D:2      | Killed Natasha
  1108 | D:2      | Reached skill level 3 in Fighting
  1108 | D:2      | Reached XP level 4. HP: 26/35 MP: 0/0
  1329 | D:2      | Noticed Natasha
  1339 | D:2      | HP: 8/35 [Natasha (5)]
  1340 | D:2      | HP: 3/35 [cerulean imp/+0 spear[Natasha] (4)]
  1341 | D:2      | Killed Natasha
  1342 | D:2      | Reached XP level 5. HP: 4/40 MP: 0/0
  1342 | D:2      | Learned a level 2 spell: Ensorcelled Hibernation
  1342 | D:2      | 1342 ||| FLEEEEING.
  1343 | D:2      | 1343 ||| FLEEEEING.
  1344 | D:2      | 1344 ||| FLEEEEING.
  1345 | D:2      | 1345 ||| FLEEEEING.
  1347 | D:2      | HP: 4/40 [adder (1)]
  1349 | D:2      | HP: 1/40 [adder (4)]
  1350 | D:2      | Slain by an adder

Levels and vault maps discovered:
D:1:      matt_arrival_spirals, layout_basic
D:2:      layout_loops_corners, minmay_tetromino_l4, uniq_natasha

Skill      XL: |  1  2  3 |
---------------+----------+-----
Ranged Weapons | 4 |  4.0
Fighting       | 3 |  3.4
Dodging        | |  2.9
Stealth        | |  0.7

Action                     |  1- 3 |  4- 6 || total
---------------------------+-------+-------++-------
   Fire: Shortbow          |    66 |    24 ||    90
    Use: Scroll            |     6 |       ||     6
 Armour: Leather armour    |    13 |    18 ||    31
  Dodge: Dodged            |     9 |     6 ||    15

Table legend:
 A = Non-vault XP
 B = Vault XP
 C = Vault XP percentage of total XP
 D = Non-vault monster count
 E = Vault monster count
 F = Vault count percentage of total count
                 A         B        C        D         E       F
            +---------+---------+-------+---------+---------+-------
      Total |      89 |      52 |  36.9 |      25 |       4 |  13.8
            +---------+---------+-------+---------+---------+-------
        D:1 |      28 |       0 |   0.0 |      15 |       0 |   0.0
        D:2 |      61 |      52 |  46.0 |      10 |       4 |  28.6
            +---------+---------+-------+---------+---------+-------
